 Dungeon Crawl Stone Soup version 0.19.0 (webtiles) character file.

2853 Softman25 the Destroyer (level 9, 0/51 HPs)
             Began as an Octopode Wizard on Nov 14, 2016.
             Was an Initiate of Ashenzari.
             Slain by a hog (14 damage)
             ... on level 6 of the Dungeon.
             The game lasted 00:26:08 (7585 turns).

Softman25 the Destroyer (Octopode Wizard)           Turns: 7585, Time: 00:26:08

Health: 0/51       AC:  6    Str:  9    XL:     9   Next: 75%
Magic:  13/14      EV: 16    Int: 20    God:    Ashenzari [......]
Gold:   331        SH:  0    Dex: 11    Spells: 5 memorised, 4 levels left

rFire  + . .     SeeInvis .     k - +5 dagger (venom)
rCold  . . .     Gourm    .     (no shield)
rNeg   + . .     Faith    .     a - +2 hat (curse)
rPois  .         Spirit   .     (no amulet)
rElec  .         Reflect  .     m - ring of positive energy
rCorr  .         Harm     .     n - +3 ring of protection
MR     .....                    d - ring of protection from fire
Stlth  +++.......               (no ring)
                                (no ring)
                                (no ring)
                                (no ring)
                                (no ring)

@: no status effects
A: almost no armour, stealthy swim, amphibious, 8 rings, constrict 8, camouflage
1, gelatinous body 1
a: Curse Item, Renounce Religion


You were on level 6 of the Dungeon.
You worshipped Ashenzari.
Ashenzari was noncommittal.
You were near starving.

You visited 2 branches of the dungeon, and saw 8 of its levels.

You collected 441 gold pieces.
You spent 110 gold pieces at shops.

Inventory:

Hand Weapons
 k - a +5 dagger of venom (weapon)
Armour
 a - a cursed +2 hat (worn)
Jewellery
 d - a ring of protection from fire (on tentacle)
 m - a ring of positive energy (left tentacle)
 n - a +3 ring of protection (right tentacle)
Wands
 u - a wand of flame (0/48)
 w - a wand of lightning (2/15)
Scrolls
 e - a scroll of amnesia
 f - 5 scrolls of teleportation
 g - a scroll of identify {@r1}
Potions
 h - a potion of haste
 j - 3 potions of berserk rage
 l - a potion of ambrosia
 p - a potion of might {unknown}
 r - 4 potions of curing {@q1}
 s - 2 potions of heal wounds
 t - a potion of mutation {unknown}
 v - 2 potions of invisibility {unknown}
Books
 b - a book of Minor Magic

   Spells                             Type                      Level
   a - Magic Dart                     Conjuration                  1
   b - Blink                          Translocation                2
   c - Call Imp                       Summoning                    2
   d - Repel Missiles                 Charms/Air                   2
   e - Slow                           Hexes                        2
   f - Conjure Flame                  Conjuration/Fire             3
   g - Mephitic Cloud                 Conjuration/Poison/Air       3
 y - Rogh's Volume of Supportive Toxins
   (You found it on level 7 of the Dungeon)

   Spells                             Type                      Level
   a - Sting                          Conjuration/Poison           1
   b - Spider Form                    Transmutation/Poison         3
   c - Spellforged Servitor           Conjuration/Summoning        7
   d - Summon Hydra                   Summoning                    7
Comestibles
 i - 2 meat rations


   Skills:
 + Level 6.1 Short Blades
 + Level 6.7 Dodging
 - Level 3.1 Stealth
 - Level 3.5 Spellcasting
 - Level 8.4 Conjurations
   Level 1.0 Summonings
 - Level 1.0 Translocations
 - Level 2.3 Air Magic
 - Level 3.0 Poison Magic


You had 4 spell levels left.
You knew the following spells:

 Your Spells              Type           Power        Failure   Level  Hunger
a - Magic Dart            Conj           ####         1%          1    None
b - Blink                 Tloc           N/A          17%         2    ##.....
c - Mephitic Cloud        Conj/Pois/Air  ###.....     8%          3    ###....
d - Conjure Flame         Conj/Fire      ###.....     10%         3    ###....
e - Repel Missiles        Chrm/Air       #.....       14%         2    ##.....


Dungeon Overview and Level Annotations

Branches:
Dungeon (7/15)             Temple (1/1) D:6

Altars:
Ashenzari
Gozag
Nemelex Xobeh
Okawaru
Trog
Yredelemnul

Shops:
D:5 !*(

Annotations:
D:4 PrincessPwny's ghost, novice VSBe


Innate Abilities, Weirdness & Mutations

You cannot wear most types of armour.
You are very stealthy in the water. (Stealth+)
You are amphibious.
You can wear up to eight rings at the same time.
You can use your tentacles to constrict eight enemies at once.
Your skin changes colour to match your surroundings (Stealth+).
Your rubbery body absorbs attacks. (AC +1, EV +1)


Message History

Things that are here:
a jackal corpse x2
You hit the jackal.
You kill the jackal!
The hog bites you but does no damage. The hog barely misses you.
You see here a jackal corpse.
The hog completely misses you.
Your magical contamination has completely faded away.
The hog closely misses you. The hog bites you.
You see here a stone.
You see here an uncursed short sword.
The hog barely misses you. The hog bites you! The hog bites you.
* * * LOW HITPOINT WARNING * * *
There is a staircase to the Ecumenical Temple here.
The hog bites you!
You die...

..## ##.## ##..##
###### ..####..#
##..#######
(.......###..###....##
O########..(###.##...#
.# #..)#<.####.## h#
##....####..# .###
##.[.###O.## ...#####
#...##h.##
####...####...(.@##
###..##......##
#....(.#...#
##..........# ##
##..##......>#
.###..########..#
......## ##.#
.......## #.#
...###.># ##.#


You could see a hog and an ogre.

Vanquished Creatures
  Pikel (D:5)
  A hog (D:7)
  A human (D:7)
  A hungry ghost (D:7)
  A water moccasin (D:6)
  Duvessa (D:5)
  An orc warrior (D:6)
  A slave (D:5)
  2 ogres
  A centaur (D:3)
  2 bullfrogs (D:7)
  A wyvern skeleton (D:7)
  A scorpion (D:4)
  Dowan (D:5)
  2 howler monkeys
  3 jellies
  2 crimson imps
  5 orc priests
  2 bullfrog skeletons
  2 hounds
  9 orc wizards
  A gnoll shaman (D:4)
  7 worker ants
  2 hound skeletons
  A gnoll (D:1)
  8 adders
  2 shadow imps
  An adder zombie (D:5)
  An adder skeleton (D:4)
  2 dart slugs
  2 worms (D:2)
  4 leopard geckos
  23 orcs
  6 bats
  6 giant cockroaches
  8 goblins
  7 hobgoblins
  11 jackals
  5 kobolds
  6 quokkas
  A ball python (D:5)
  9 frilled lizards
  9 rats
163 creatures vanquished.

Notes
Turn   | Place    | Note
-------+----------+-------------------------------------------
     0 | D:1      | Softman25 the Octopode Wizard began the quest for the Orb.
     0 | D:1      | Reached XP level 1. HP: 11/11 MP: 4/4
   113 | D:1      | Reached XP level 2. HP: 16/17 MP: 6/6
   779 | D:1      | Reached XP level 3. HP: 19/21 MP: 7/7
  1104 | D:2      | Reached skill level 2 in Conjurations
  1334 | D:2      | Reached XP level 4. HP: 27/27 MP: 0/9
  1372 | D:2      | Learned a level 1 spell: Magic Dart
  1375 | D:2      | Learned a level 2 spell: Blink
  1379 | D:2      | Learned a level 3 spell: Mephitic Cloud
  1964 | D:3      | Reached skill level 1 in Poison Magic
  1990 | D:3      | Noticed a centaur
  2009 | D:2      | Reached skill level 1 in Air Magic
  2145 | D:2      | Reached XP level 5. HP: 28/31 MP: 4/10
  3232 | D:3      | Killed a centaur
  3232 | D:3      | Reached skill level 3 in Conjurations
  3232 | D:3      | Reached XP level 6. HP: 14/36 MP: 7/11
  3238 | D:3      | Reached skill level 4 in Conjurations
  3595 | D:4      | Reached skill level 5 in Conjurations
  3595 | D:4      | Reached XP level 7. HP: 41/41 MP: 3/12
  3891 | D:4      | Reached skill level 6 in Conjurations
  3903 | D:4      | Noticed PrincessPwny's ghost (novice VSBe)
  3913 | D:4      | Learned a level 3 spell: Conjure Flame
  4482 | D:5      | Entered Level 5 of the Dungeon
  4532 | D:5      | Found Cir Deno's Antique Weapon Shoppe.
  4551 | D:5      | Reached skill level 7 in Conjurations
  4707 | D:5      | Found Jackouge's Distillery.
  4712 | D:5      | Noticed Duvessa
  4714 | D:5      | Noticed Dowan
  4748 | D:5      | Killed Dowan
  4748 | D:5      | Reached XP level 8. HP: 38/46 MP: 9/13
  4767 | D:5      | Killed Duvessa
  4772 | D:5      | Bought 2 potions of heal wounds for 110 gold pieces
  4917 | D:5      | Found Sysmam's Assorted Antiques.
  4988 | D:5      | Reached skill level 8 in Conjurations
  5273 | D:5      | Noticed Pikel
  5284 | D:5      | Killed Pikel
  5505 | D:6      | Reached XP level 9. HP: 51/51 MP: 10/14
  5626 | D:6      | Found an iron altar of Okawaru.
  5843 | D:6      | Reached skill level 5 in Dodging
  6299 | D:6      | Found a staircase to the Ecumenical Temple.
  6323 | Temple   | Entered the Ecumenical Temple
  6331 | Temple   | Became a worshipper of Ashenzari the Shackled
  6686 | D:7      | Reached skill level 5 in Short Blades
  6821 | D:7      | Identified Rogh's Volume of Supportive Toxins
  6826 | D:7      | Learned a level 2 spell: Repel Missiles
  7585 | D:6      | Slain by a hog

Skill      XL: |  1  2  3  4  5  6  7  8  9 |
---------------+----------------------------+-----
Stealth        | 3 |  3.1
Conjurations   | 2 3 5 7 8 |  8.4
Poison Magic   | 2 3 |  3.0
Air Magic      | 1 2 |  2.3
Short Blades   | 3 6 |  6.1
Dodging        | 4 6 |  6.7
Spellcasting   | |  3.5
Summonings     | |  1.0
Translocations | |  1.0

Action                   |  1- 3 |  4- 6 |  7- 9 || total
-------------------------+-------+-------+-------++-------
Melee: Unarmed           |     7 |       |       ||     7
       Dagger            |    40 |   101 |   127 ||   268
       Tentacles         |     8 |    15 |    27 ||    50
       Constrict         |    11 |    21 |    36 ||    68
 Cast: Magic Dart        |    47 |    92 |   185 ||   324
       Mephitic Cloud    |       |     4 |    17 ||    21
       Conjure Flame     |       |       |     8 ||     8
       Blink             |       |       |     2 ||     2
Invok: Curse Item        |       |       |     1 ||     1
  Use: Scroll            |       |     9 |     8 ||    17
       Potion            |       |     2 |     1 ||     3
 Stab: Sleeping          |     1 |     2 |     3 ||     6
       Confused          |       |     2 |     3 ||     5
  Eat: Chunk             |     1 |     3 |     4 ||     8
       Bread ration      |       |     1 |     1 ||     2
       Beef jerky        |       |       |     2 ||     2
       Pizza             |       |       |     1 ||     1
       Fruit             |       |       |     1 ||     1
Armor: Skin              |     5 |    29 |    23 ||    57
Dodge: Dodged            |    39 |    90 |   104 ||   233
